 Dungeon Crawl Stone Soup version 0.28-a0-1435-g82390b3a13 (webtiles) character file.

Game seed: 1785846028852039886

2 HallandMoats the Skirmisher (level 1, 0/18 HPs)
             Began as a Demonspawn Fighter on Jan 9, 2022.
             Slain by a gnoll (4 damage)
             ... on level 1 of the Dungeon.
             The game lasted 00:00:09 (186 turns).

HallandMoats the Skirmisher (Demonspawn Fighter)     Turns: 186, Time: 00:00:10

Health: 0/18       AC:  6    Str: 16    XL:     1   Next: 33%
Magic:  1/1        EV:  8    Int:  9    God:
Gold:   0          SH:  4    Dex: 12    Spells: 0/0 levels left

rFire   . . .      SeeInvis .   a - +0 war axe
rCold   . . .      Faith    .   c - +0 buckler
rNeg    . . .      Spirit   .   b - +0 scale mail
rPois   .          Reflect  .   (no helmet)
rElec   .          Harm     .   (no cloak)
rCorr   .          Rampage  .   (no gloves)
Will    .....                   (no boots)
Stlth   ..........              (no amulet)
HPRegen 0.06/turn               (no ring)
MPRegen 0.07/turn               (no ring)

@: no status effects
A: no striking features
a: no special abilities


You were on level 1 of the Dungeon.
You visited 1 branch of the dungeon, and saw 1 of its levels.

Inventory:

Hand Weapons
 a - a +0 war axe (weapon)
Armour
 b - a +0 scale mail (worn)
 c - a +0 buckler (worn)
Scrolls
 e - a scroll of amnesia {unknown}
 f - a scroll of identify {unknown}
Potions
 d - a potion of might
 g - 2 potions of berserk rage {unknown}


   Skills:
 * Level 3.0 Fighting
 + Level 1.8 Axes
 + Level 2.7 Armour
 + Level 0.0 Dodging
 + Level 2.7 Shields


You couldn't memorise any spells.
You didn't know any spells.
Your spell library was empty.

Dungeon Overview and Level Annotations

Branches:
Dungeon (1/15)

Altars:


Message History

A frilled lizard comes into view.
There is an open door here.
A frilled lizard is nearby!
The frilled lizard barely misses you.
A frilled lizard is nearby!
You slash the frilled lizard!
You kill the frilled lizard!
Key pressed, stopping explore.
No target in view!
Found a whip.
No target in view!
A gnoll comes into view. It is wielding a +0 flail.
The gnoll shouts!
The gnoll moves out of view.
No target in view!
A gnoll is nearby!
A gnoll is nearby!
A gnoll is nearby!
You closely miss the gnoll. The gnoll hits you with a +0 flail.
A gnoll is nearby!
You hit the gnoll.
The gnoll is lightly wounded.
The gnoll hits you with a +0 flail. The gnoll closely misses you.
A gnoll is nearby!
You barely miss the gnoll.
The gnoll is lightly wounded.
The gnoll hits you with a +0 flail.
A gnoll is nearby!
You are too injured to fight recklessly!
A gnoll is nearby!
You are too injured to fight recklessly!
A gnoll is nearby!
You hit the gnoll.
The gnoll is heavily wounded.
The gnoll hits you with a +0 flail.
* * * LOW HITPOINT WARNING * * *
You hit the gnoll.
The gnoll is severely wounded.
The gnoll closely misses you. The gnoll hits you with a +0 flail.
You die...

#.#####.#### ##.#
###.##.. ...# #....#.#
#### #.#..#.# ###.#..#.#
####......#.###
..##....###..)##
#...........#..####
...#.##....#....@g#
.............####.......
............## #......
....#.......# ..#.##
.......§§...## .....
.#(...§≈§§≈..### ≈≈≈≈.
#####§§§§≈≈≈§... ≈≈≈≈
#####§≈≈<>≈≈.... ≈≈≈≈
......≈.≈≈§≈....


You could see a gnoll.

Vanquished Creatures
  2 frilled lizards (D:1)
  A goblin (D:1)
  A rat (D:1)
4 creatures vanquished.

Notes
Turn   | Place    | Note
-------+----------+-------------------------------------------
     0 | D:1      | HallandMoats the Demonspawn Fighter began the quest for the
                  | Orb.
     0 | D:1      | Reached XP level 1. HP: 18/18 MP: 1/1
   186 | D:1      | Slain by a gnoll

Illustrated notes

Levels and vault maps discovered:
D:1:      dpeg_arrival_pits, layout_basic, shapermc_ecumenical_altar_hornbeckon,
          minmay_tripent

Action                   || total
-------------------------++-------
Melee: War axe           ||    12
Armor: Scale mail        ||     1
Dodge: Dodged            ||     6
Block: Buckler           ||     1

Table legend: (Time is in decaauts)
 A = Elapsed time spent in this place.
 B = Non-inter-level travel time spent in this place.
 C = Inter-level travel time spent in this place.
 D = Time resting spent in this place.
 E = Time spent auto-exploring this place.
 F = Levels seen in this place.
 G = Mean time per level.
                   A        B        C        D        E       F      G
               +--------+--------+--------+--------+--------+-----+--------+
         Total |    190 |    190 |      0 |      0 |    154 |   1 |  190.0 |
       Dungeon |    190 |    190 |      0 |      0 |    154 |   1 |  190.0 |
               +--------+--------+--------+--------+--------+-----+--------+

Top non-repeatable levels by time:
     D:1: 190 daAuts
